 Dungeon Crawl Stone Soup version 0.27.1-34-g3ba077fa99 (webtiles) character file.

Game seed: 13725188549697829831

492 ticklebelly the Skirmisher (level 6, 0/84 HPs)
             Began as a Minotaur Berserker on Jan 1, 2022.
             Was a Priest of Trog.
             Succumbed to an orc's poison
             ... on level 4 of the Dungeon.
             The game lasted 00:10:54 (3873 turns).

ticklebelly the Skirmisher (Minotaur Berserker)     Turns: 3873, Time: 00:10:54

Health: 0/84       AC: 20    Str: 22    XL:     6   Next: 91%
Magic:  5/5        EV:  7    Int:  4    God:    Trog [***...]
Gold:   224        SH:  0    Dex: 11    Spells: 5/5 levels left

rFire    . . .     SeeInvis .   a - +0 hand axe
rCold    . . .     Faith    .   (no shield)
rNeg     . . .     Spirit   .   b - +0 plate armour
rPois    .         Reflect  .   (helmet restricted)
rElec    .         Harm     .   (no cloak)
rCorr    .         Rampage  .   (no gloves)
Will     ++...                  (no boots)
Stlth    ..........             (no amulet)
HPRegen  1.24/turn              i - +4 ring of protection
MPRegen  0.09/turn              l - +4 ring of protection

@: berserking, lethally poisoned (0 -> -3), strong-willed, regenerating, very
quick
A: horns 2, retaliatory headbutt
a: Renounce Religion, Berserk, Trog's Hand


You were on level 4 of the Dungeon.
You worshipped Trog.
Trog was most pleased with you.
You visited 1 branch of the dungeon, and saw 5 of its levels.

You collected 224 gold pieces.

Inventory:

Hand Weapons
 a - a +0 hand axe (weapon)
 u - a +0 mace of holy wrath
Armour
 b - a +0 plate armour (worn)
Jewellery
 i - a +4 ring of protection (left hand)
 k - a +6 ring of strength
 l - a +4 ring of protection (right hand)
Wands
 m - a wand of charming (6)
 q - a wand of flame (28)
Scrolls
 c - a scroll of brand weapon {unknown}
 d - 4 scrolls of teleportation {unknown}
 e - 2 scrolls of identify {unknown}
 g - 2 scrolls of torment {unknown}
 h - a scroll of noise {unknown}
 r - a scroll of immolation {unknown}
 s - a scroll of enchant armour {unknown}
Potions
 f - 2 potions of curing {unknown}
 j - 2 potions of attraction {unknown}
 n - a potion of might {unknown}
 o - 3 potions of heal wounds {unknown}
 p - a potion of lignification {unknown}
 t - a potion of invisibility {unknown}


   Skills:
 + Level 5.5 Fighting
 + Level 5.4 Axes
 + Level 4.7 Armour
 + Level 4.4 Dodging
 + Level 1.5 Evocations


You had 5 spell levels left.
You didn't know any spells.
Your spell library was empty.

Dungeon Overview and Level Annotations

Branches:
Dungeon (5/15)
 Temple: D:4-7

Altars:
Ashenzari
Dithmenos
Zin
The Shining One


Innate Abilities, Weirdness & Mutations

You have a pair of horns on your head.
You reflexively headbutt those who attack you in melee.


Message History

The orc hits you but does no damage.
You are lethally poisoned!
Your skin crawls.
You feel strong-willed.
You feel very sick. The orc completely misses you.
The gnoll hits you with a +0 flail.
* * * LOW HITPOINT WARNING * * *
The orc closely misses you.
A red film seems to cover your vision as you go berserk!
You feel yourself moving faster!
You feel mighty!
You feel very sick. The orc hits you but does no damage.
The gnoll barely misses you. The orc hits you but does no damage.
You are lethally poisoned!
You slash the gnoll!
You kill the gnoll!
Trog accepts your kill.
You barely miss the orc. x2
* * * LOW HITPOINT WARNING * * *
You feel very sick. The orc hits you but does no damage.
The orc barely misses you. You furiously retaliate!
You headbutt the orc!
You kill the orc!
Trog accepts your kill.
You hit the orc. Your headbutt misses the orc.
The orc is lightly wounded.
* * * LOW HITPOINT WARNING * * *
You feel very sick. The orc hits you but does no damage.
You slash the orc!
You feel the power of Trog in you as your rage grows.
You kill the orc!
Trog accepts your kill.
* * * LOW HITPOINT WARNING * * *
You feel very sick.
* * * LOW HITPOINT WARNING * * *
You feel very sick.
You are too berserk!
You feel a strong urge to attack something.
You die...

......# #..##...#...#...)...#.
..(#### #..##.....###.......##
...#########...#.#....#.........#
####.........#.#.###..#⌠.##+##.⌠#
####.#########...# ##..#.#...###.
........# ##..# #....#.......
........# #..# ###..#.......
........# ####)[# ##.####....
........# #...)@# #.........
........####...[)# #####.....
...........#.....# ######
.....))....#.....#
...........####### ...........#
...........# :#.........#
.#.........#


There were no monsters in sight!

Vanquished Creatures
  2 scorpions
  2 orc priests
  A jelly (D:4)
  Ijyb (D:3)
  2 iguanas
  An orc wizard (D:4)
  A killer bee zombie (D:4)
  3 gnolls
  An adder (D:3)
  An adder skeleton (D:2)
  4 worms
  3 dart slugs
  9 orcs
  12 ball pythons
  8 endoplasms
  3 giant cockroaches
  13 goblins
  10 hobgoblins
  2 jackals (D:1)
  2 quokkas
  4 bats
  6 frilled lizards
  8 kobolds
  7 rats
106 creatures vanquished.

Notes
Turn   | Place    | Note
-------+----------+-------------------------------------------
     0 | D:1      | ticklebelly the Minotaur Berserker began the quest for the
                  | Orb.
     0 | D:1      | Reached XP level 1. HP: 19/19 MP: 0/0
    57 | D:1      | Reached XP level 2. HP: 12/27 MP: 1/1
   529 | D:1      | Reached ** piety under Trog
   530 | D:1      | Reached XP level 3. HP: 33/33 MP: 2/2
  1256 | D:2      | Found a faded altar of an unknown god.
  1526 | D:2      | Reached XP level 4. HP: 40/41 MP: 3/3
  1856 | D:3      | Noticed Ijyb
  1858 | D:3      | Reached *** piety under Trog
  1878 | D:3      | Killed Ijyb
  1946 | D:3      | Found a glowing silver altar of Zin.
  2007 | D:3      | Found a shadowy altar of Dithmenos.
  2179 | D:3      | Reached XP level 5. HP: 47/47 MP: 4/4
  2440 | D:3      | Found a glowing golden altar of the Shining One.
  2835 | D:4      | Found a broken altar of Ashenzari.
  2922 | D:4      | Reached skill level 5 in Fighting
  3167 | D:4      | Reached skill level 5 in Axes
  3167 | D:4      | Reached XP level 6. HP: 44/56 MP: 5/5
  3597 | D:5      | Entered Level 5 of the Dungeon
  3632 | D:5      | Reached skill level 1 in Evocations
  3871 | D:4      | HP: 4/84 [poisoned by an orc]
  3873 | D:4      | Succumbed to an orc's poison

Illustrated notes

Levels and vault maps discovered:
D:1:      amcnicky_arrival_choice, layout_basic, minmay_close_crescents
D:2:      wad_river_or_something, layout_basic,
          hellmonk_ecumenical_altar_inner_sanctum
D:3:      layout_basic, tso_oasis_becter, zin_statuary,
          nicolae_dithmenos_through_a_glass_darkly, serial_rivers,
          chequers_serial_rivers_marsh, chequers_serial_rivers_micro_a,
          chequers_serial_rivers_small_3, chequers_serial_rivers_micro_e,
          uniq_ijyb
D:4:      layout_basic, evilmike_ruin_ashenzari
D:5:      layout_rooms, kennysheep_generic_room_9, uniq_pikel

Skill      XL: |  1  2  3  4  5  6 |
---------------+-------------------+-----
Fighting       | 4 5 |  5.5
Axes           | 4 5 |  5.4
Armour         | 3 4 |  4.7
Dodging        | 3 4 |  4.4
Evocations     | 1 |  1.5

Action                   |  1- 3 |  4- 6 || total
-------------------------+-------+-------++-------
Melee: Hand axe          |    93 |   158 ||   251
       Headbutt          |    21 |    30 ||    51
Invok: Berserk           |       |     2 ||     2
       Trog's Hand       |       |     1 ||     1
Armor: Animal skin       |    10 |       ||    10
       Leather armour    |     2 |       ||     2
       Plate armour      |    27 |   101 ||   128
Dodge: Dodged            |    57 |    59 ||   116
